Map: 바니 연구소 (공허의 유산)

Players

Dark

  • Race: Zerg Zerg
  • Spawn Location: 12:00

INnoVation - Winner!

  • Race: Terran Terran
  • Spawn Location: 6:00

Event: IEM Season 11 - Gyeonggi

VOD

https://youtu.be/Fv7xOP-xrlw

Description

Time

  • Played on: Dec. 15, 2016, 11:46 p.m.
  • Length: 13:07

All games in this series

Show
View Real Time Build Order
Export as new Build Order

Dark Zerg 

Build Orders: Hatch First 

Get SALT Encoding   

  12  0:00  Drone  
  13  0:14  Overlord  
  13  0:18  Drone  
  14  0:32  Drone x2  
  16  0:38  Drone  
  17  0:53  Hatchery  
  16  0:57  Drone  
  16  1:02  Drone  
  18  1:09  Extractor  
  17  1:18  Spawning Pool  
  16  1:19  Drone  
  16  1:23  Drone  
  18  1:30  Drone  
  19  1:42  Overlord  
  19  2:05  Queen, Zergling x4  
  19  2:06  Queen  
  19  2:08  Drone  
  26  2:10  Metabolic Boost  
  26  2:13  Zergling x2  
  27  2:17  Drone  
  28  2:29  Drone  
  29  2:34  Drone  
  29  2:35  Drone  
  31  2:37  Drone  
  31  2:41  Queen  
  34  2:45  Overlord  
  34  2:48  Pneumatized Carapace  
  34  2:52  Drone  
  34  2:56  Drone  
  36  3:05  Drone  
  37  3:07  Drone  
  37  3:10  Drone  
  39  3:14  Drone x5  
  44  3:25  Overlord  
  44  3:31  Hatchery  
  43  3:38  Hatchery  
  42  3:43  Drone  
  42  3:44  Drone x2  
  42  3:45  Roach Warren  
  42  3:47  Drone  
  45  3:48  Drone  
  45  3:50  Drone  
  45  3:53  Drone x2  
  45  3:54  Drone  
  50  3:59  Extractor  
  50  4:00  Drone x2, Extractor x2  
  50  4:02  Drone  
  50  4:08  Overlord  
  50  4:09  Zergling x2  
  51  4:27  Roach x2  
  51  4:28  Roach x2  
  59  4:33  Overlord x3  
  59  4:51  Ravager  
  59  4:52  Roach x4  
  68  4:53  Roach x2  
  68  4:59  Roach  
  73  5:01  Ravager, Roach  
  73  5:02  Roach x2  
  73  5:03  Roach  
  80  5:10  Ravager  
  80  5:11  Roach x2  
  80  5:12  Roach  
  85  5:15  Roach, Queen  
  81  5:25  Zergling x8  
  81  5:26  Zergling x2  
  80  5:34  Ravager x2  
  80  5:39  Roach x2  
  80  5:40  Roach  
  84  5:44  Roach x2  
  84  5:48  Overlord  
  88  5:52  Ravager  
  88  5:56  Overlord  
  89  5:59  Lair  
  89  6:06  Overlord, Queen  
  89  6:07  Drone  
  89  6:08  Drone x2  
  89  6:09  Drone  
  95  6:12  Drone  
  95  6:15  Drone x2  
  98  6:19  Drone  
  98  6:20  Ravager  
  98  6:21  Ravager x2  
  98  6:23  Ravager  
  98  6:24  Drone x3  
  106  6:28  Drone x2  
  108  6:33  Drone x2  
  110  6:43  Ravager x2  
  110  6:49  Roach  
  100  6:54  Roach x2  
  100  6:56  Drone x6  
  100  6:58  Drone  
  100  7:00  Glial Reconstitution, Evolution Chamber x2, Extractor  
  106  7:02  Extractor  
  106  7:03  Drone x2  
  106  7:04  Drone x3  
  106  7:06  Drone  
  111  7:10  Overlord  
  111  7:11  Overlord  
  111  7:17  Hydralisk Den  
  111  7:19  Overlord  
  111  7:21  Overlord x2  
  110  7:28  Zerg Ground Armor Level 1, Zerg Missile Weapons Level 1  
  110  7:36  Drone  
  111  7:40  Hatchery  
  110  7:47  Hydralisk x3, Muscular Augments  
  110  7:49  Hydralisk  
  112  7:58  Hydralisk  
  112  7:59  Hydralisk  
  112  8:00  Hydralisk x2  
  112  8:02  Roach  
  112  8:05  Roach  
  114  8:06  Roach  
  114  8:10  Roach  
  114  8:11  Roach x2  
  122  8:22  Hatchery  
  122  8:24  Roach x2  
  122  8:26  Hydralisk x2  
  122  8:27  Hydralisk  
  131  8:34  Roach  
  131  8:37  Hydralisk  
  131  8:38  Hydralisk  
  137  8:42  Overlord  
  137  8:43  Overlord x3  
  137  8:54  Hatchery  
  136  9:01  Hydralisk x3  
  136  9:02  Hydralisk  
  144  9:04  Roach  
  144  9:06  Drone  
  144  9:09  Infestation Pit  
  146  9:13  Ravager  
  146  9:14  Ravager x3  
  146  9:15  Roach  
  146  9:16  Roach x2  
  156  9:18  Drone x3  
  156  9:20  Drone  
  156  9:24  Drone x3  
  162  9:28  Roach x2  
  162  9:30  Roach  
  169  9:36  Overlord x2  
  171  9:38  Roach  
  171  9:42  Zerg Missile Weapons Level 2  
  171  9:47  Hive  
  171  9:48  Extractor  
  171  9:50  Extractor  
  169  9:54  Overlord  
  169  9:57  Zerg Ground Armor Level 2  
  169  9:59  Drone x2  
  163  10:09  Drone x8  
  163  10:11  Overlord x2  
  163  10:13  Roach  
  173  10:17  Roach  
  173  10:18  Roach x2  
  177  10:22  Overseer  
  177  10:25  Roach x3  
  159  10:35  Roach  
  159  10:36  Roach x5  
  159  10:38  Ravager  
  170  10:45  Roach  
  170  10:46  Ravager x3  
  170  10:48  Roach x3  
  170  10:49  Roach x2  
  183  10:52  Ravager x3  
  183  10:53  Roach x2  
  183  10:54  Roach  
  190  11:01  Roach x4  
  190  11:03  Roach  
  195  11:07  Roach x4  
  179  11:11  Roach  
  179  11:12  Roach x3  
  179  11:17  Roach x3  
  181  11:23  Zergling x6  
  181  11:24  Zergling x2  
  147  11:34  Hydralisk x3  
  147  11:35  Hydralisk x2  
  147  11:37  Roach  
  133  11:42  Ravager x2, Roach  
  133  11:43  Roach  
  133  11:44  Roach  
  143  11:50  Roach  
  143  11:53  Roach  
  117  11:55  Roach x2  
  117  11:59  Roach  
  120  12:05  Roach x2  
  120  12:06  Ravager  
  120  12:07  Roach  
  123  12:11  Roach, Queen  
  126  12:16  Roach  
  126  12:18  Roach x2  
  126  12:21  Roach x3  
  126  12:22  Roach  
  133  12:24  Ravager  
  133  12:25  Ravager x3  
  133  12:26  Roach  
  133  12:27  Roach  
  141  12:31  Roach x2  
  141  12:36  Roach  
  109  12:41  Roach x2  
  86  12:46  Roach  
  86  12:47  Roach x3  
Show
View Real Time Build Order
Export as new Build Order

INnoVation Terran - Winner!

Build Orders: Command Center First (CC), Hellion Opening 

Get SALT Encoding   

  12  0:00  SCV  
  13  0:12  SCV  
  14  0:17  Supply Depot  
  14  0:24  SCV  
  15  0:39  SCV  
  16  0:51  SCV  
  17  1:00  Command Center  
  17  1:03  SCV  
  18  1:14  Barracks  
  18  1:17  SCV  
  19  1:22  Refinery  
  19  1:29  SCV  
  19  1:32  Refinery  
  20  1:41  SCV  
  21  1:53  SCV  
  22  2:00  Marine  
  23  2:06  Orbital Command  
  23  2:12  Orbital Command  
  23  2:16  Factory  
  23  2:19  Barracks Reactor  
  23  2:31  SCV  
  24  2:38  SCV  
  24  2:41  Factory  
  24  2:43  SCV  
  26  2:50  SCV  
  27  2:55  SCV  
  28  3:01  Supply Depot  
  28  3:02  SCV  
  28  3:04  Barracks Reactor  
  28  3:05  Hellion x2  
  33  3:07  SCV  
  33  3:12  Supply Depot  
  34  3:15  SCV  
  34  3:19  SCV  
  36  3:26  Hellion x2  
  41  3:34  SCV x2  
  41  3:37  Supply Depot  
  42  3:45  Hellion  
  42  3:47  SCV x2  
  51  3:48  Cyclone  
  51  3:49  Cyclone  
  51  3:54  Hellion  
  54  4:00  SCV, Supply Depot  
  54  4:01  SCV  
  56  4:08  Supply Depot  
  56  4:09  Cyclone  
  59  4:15  Cyclone  
  62  4:22  SCV x2  
  62  4:24  Hellion x2  
  68  4:27  Armory  
  68  4:30  Supply Depot  
  68  4:34  SCV  
  68  4:35  SCV  
  70  4:45  Hellion x2  
  74  4:47  SCV x2, Supply Depot  
  74  4:52  Cyclone  
  79  4:55  Cyclone  
  79  4:59  SCV x2  
  80  5:07  Hellion x2  
  80  5:11  SCV x2  
  76  5:22  Command Center  
  74  5:29  Refinery  
  74  5:31  Refinery  
  74  5:32  Cyclone  
  74  5:33  Cyclone  
  80  5:39  Hellion x2  
  80  5:40  SCV  
  80  5:41  SCV  
  84  5:47  Supply Depot  
  81  5:50  Terran Vehicle Weapons Level 1  
  81  5:53  SCV x2  
  81  5:55  Supply Depot  
  83  6:01  Hellion x2  
  87  6:05  SCV x2  
  92  6:11  Cyclone x2  
  92  6:17  SCV x2  
  97  6:24  Hellion x2, Refinery  
  97  6:25  Refinery  
  99  6:29  SCV x2  
  101  6:36  Orbital Command  
  99  6:43  SCV x2, Cyclone x2  
  99  6:45  Hellion x2  
  98  6:55  SCV  
  98  7:02  Hellion x5, SCV  
  98  7:03  SCV  
  98  7:06  Cyclone x2  
  98  7:07  SCV  
  107  7:12  Factory  
  107  7:15  Hellion, SCV x2  
  111  7:16  Hellion  
  111  7:17  Factory  
  111  7:19  SCV, Factory  
  111  7:21  Supply Depot  
  114  7:27  SCV x2  
  116  7:31  SCV  
  116  7:35  Supply Depot  
  117  7:38  Armory, Supply Depot  
  117  7:39  SCV  
  117  7:40  SCV  
  117  7:43  SCV  
  118  7:47  Terran Vehicle Weapons Level 2  
  118  7:49  Cyclone  
  118  7:50  Cyclone  
  124  7:54  Hellion x2  
  124  7:58  Hellion x2  
  124  7:59  SCV x3  
  124  8:04  Hellion x2, Factory Tech Lab x3  
  124  8:12  SCV x3  
  127  8:14  Engineering Bay  
  127  8:16  Supply Depot  
  127  8:17  Supply Depot  
  127  8:23  Infernal Pre-Igniter  
  127  8:24  Siege Tank x3  
  136  8:31  Terran Vehicle And Ship Armor Level 1  
  136  8:32  Hellion x2  
  136  8:33  Hellion  
  142  8:35  Hellion  
  144  8:44  Missile Turret  
  144  8:46  Missile Turret  
  144  8:47  Missile Turret  
  144  8:51  Supply Depot  
  140  8:56  Siege Tank x2  
  140  8:57  Siege Tank  
  149  9:06  Hellion x4  
  157  9:13  Missile Turret  
  157  9:14  Supply Depot  
  157  9:25  Sensor Tower  
  157  9:28  Siege Tank x2  
  157  9:29  Siege Tank  
  166  9:33  Missile Turret  
  166  9:39  Cyclone x2  
  166  9:40  Hellion  
  166  9:41  Hellion  
  175  9:55  Command Center  
  175  10:03  Supply Depot, Siege Tank x2  
  175  10:04  Supply Depot  
  181  10:11  Supply Depot x2  
  181  10:16  Hellbat  
  181  10:25  Hellbat x2, Siege Tank  
  181  10:26  Hellbat  
  186  10:35  Siege Tank x2  
  173  10:38  Hellbat  
  173  10:42  Starport  
  175  10:47  Hellbat x3  
  181  10:57  Refinery, Siege Tank  
  181  10:59  Refinery  
  177  11:05  Hellbat  
  177  11:07  Siege Tank x2  
  177  11:08  Hellbat x2  
  177  11:09  Hellbat  
  166  11:28  Hellbat  
  166  11:29  Siege Tank  
  166  11:30  Hellbat x3  
  165  11:39  Siege Tank x2  
  151  11:42  Starport Reactor  
  151  11:52  Hellbat x4  
  148  12:01  Siege Tank  
  151  12:09  Planetary Fortress  
  151  12:11  Siege Tank x2  
  151  12:14  Hellion x2, Hellbat x2  
  158  12:29  Hellion x2  
  158  12:33  Siege Tank  
  158  12:35  Hellbat x2  
  152  12:37  Hellbat  
  152  12:40  Hellbat  

Tags
 
Add a new tag
Caveats
  • Supply blocks, unpowered buildings, or Contaminate may cause inaccurate times.
  • Supply counts are checked every 10 seconds.